 Dungeon Crawl Stone Soup version 0.27.1-35-g4d5d836560 (webtiles) character file.

Game seed: 13516627921198466403

5452 Delamore the Thrower (level 10, -2/68 HPs)
             Began as an Octopode Brigand on June 23, 2022.
             Was an Initiate of Gozag.
             Slain by a yak (9 damage)
             ... on level 9 of the Dungeon.
             The game lasted 00:20:23 (13202 turns).

Delamore the Thrower (Octopode Brigand)            Turns: 13202, Time: 00:20:23

Health: -2/68      AC:  1    Str: 11    XL:     10   Next: 68%
Magic:  10/10      EV: 16    Int: 15    God:    Gozag
Gold:   47         SH:  0    Dex: 15    Spells: 4/9 levels left

rFire    + . .     SeeInvis .   I - +6 arbalest "Damnation" {damnation}
rCold    + . .     Faith    .   (shield currently unavailable)
rNeg     . . .     Spirit   .   (helmet restricted)
rPois    +         Reflect  .   (no amulet)
rElec    +         Harm     .   u - ring of wizardry
rCorr    +         Rampage  .   (no ring)
Will     .....                  (no ring)
Stlth    ++++......             (no ring)
HPRegen  0.21/turn              (no ring)
MPRegen  0.12/turn              (no ring)
                                (no ring)
                                (no ring)

@: about to teleport, resistant, slowed, very slow
A: almost no armour, amphibious, 8 rings, camouflage 1, gelatinous body 1,
(nimble swimmer 1), tentacles
a: Renounce Religion, Potion Petition, Call Merchant, Bribe Branch


You were on level 9 of the Dungeon.
You worshipped Gozag.
Gozag was noncommittal.
You visited 2 branches of the dungeon, and saw 10 of its levels.

You collected 1861 gold pieces.
You spent 1060 gold pieces at shops.
You paid 754 gold pieces to Gozag.

Inventory:

Hand Weapons
 a - a +2 dagger
 c - a +1 vampiric short sword
 l - a +1 short sword of holy wrath
 x - a +4 short sword
 z - a +2 dagger of venom
 I - the +6 arbalest "Damnation" (weapon) {damnation}
   (You bought it in a shop on level 7 of the Dungeon)

   Any ammunition fired from it explodes in a burst of damnation on striking a
   foe, dealing damage which bypasses armour.
Missiles
 b - 19 poisoned darts (quivered)
 h - 201 stones
 j - 9 atropa-tipped darts
 B - 5 boomerangs of dispersal
 H - 7 curare-tipped darts
 J - 71 bolts (quivered ammo)
 K - 7 javelins
 Q - 2 throwing nets
Armour
 f - a +0 buckler
Jewellery
 u - a ring of wizardry (left tentacle)
Wands
 m - a wand of flame (20)
 F - a wand of mindburst (9)
 G - a wand of charming (6)
 M - a wand of paralysis (8)
Scrolls
 d - a scroll of silence
 e - a scroll of enchant armour
 g - 2 scrolls of fog {unknown}
 n - 4 scrolls of enchant weapon
 r - 2 scrolls of holy word {unknown}
 s - 2 scrolls of teleportation
 t - 2 scrolls of amnesia {unknown}
 v - 3 scrolls of blinking {unknown}
 y - a scroll of immolation {unknown}
 C - a scroll of noise {unknown}
 P - a scroll of identify
Potions
 i - 3 potions of brilliance {unknown}
 k - 2 potions of attraction {unknown}
 o - 2 potions of lignification {unknown}
 p - 2 potions of degeneration {unknown}
 q - a potion of invisibility {unknown}
 w - 2 potions of might
 A - 2 potions of haste {unknown}
 D - a potion of resistance {unknown}
 E - a potion of berserk rage {unknown}
 L - a potion of curing {unknown}
 N - a potion of ambrosia {unknown}
 O - a potion of cancellation {unknown}


   Skills:
 - Level 6.2 Fighting
 - Level 5.0 Short Blades
 + Level 5.4 Crossbows
 - Level 10.0 Throwing
 - Level 6.2 Dodging
 - Level 5.3 Stealth
 - Level 4.0 Shields
 - Level 1.5 Evocations


You had 4 spell levels left.
You knew the following spells:

 Your Spells              Type           Power      Damage    Failure   Level
a - Blink                 Tloc           N/A        N/A       16%         2
b - Lesser Beckoning      Tloc           0%         N/A       32%         3

Your spell library contained the following spells:

 Spells                   Type           Power      Damage    Failure   Level
 Sting                    Tmut/Pois      0%         1d3       11%         1
 Summon Small Mammal      Summ           0%         N/A       11%         1
 Poisonous Vapours        Pois/Air       0%         N/A       16%         2
 Call Canine Familiar     Summ           0%         N/A       32%         3
 Summon Guardian Golem    Hex/Summ       0%         N/A       32%         3
 Olgreb's Toxic Radiance  Pois           0%         N/A       69%         4
 Petrify                  Tmut/Erth      0%         N/A       69%         4
 Manifold Assault         Tloc           0%         N/A       95%         5
 Metabolic Englaciation   Hex/Ice        0%         N/A       95%         5
 Statue Form              Tmut/Erth      0%         N/A       100%        6
 Storm Form               Tmut/Air       0%         N/A       100%        7


Dungeon Overview and Level Annotations

Branches:
Dungeon (9/15)             Temple (1/1) D:6
   Lair: D:8-11         Orc: D:9-12

Altars:
Ashenzari
Cheibriados
Dithmenos
Elyvilon
Fedhas
Gozag
Hepliaklqana
Kikubaaqudgha
Makhleb
Nemelex Xobeh
Okawaru
Qazlal
Ru
Sif Muna
Trog
Uskayaw
Vehumet
Wu Jian
Xom
Yredelemnul
Zin
The Shining One

Shops:
D:2 (   D:3 [   D:4 [   D:7 (


Innate Abilities, Weirdness & Mutations

You cannot wear most types of armour.
You are amphibious.
You can wear up to eight rings at the same time.
Your skin changes colour to match your surroundings (Stealth+).
Your rubbery body absorbs attacks. (AC +1, EV +1)
((You are camouflaged near water. (Stealth+)))
You have tentacles for arms and can constrict up to eight enemies at once.


Message History

[a] - 925 gold - resistance, might, haste, heal wounds and magic [b] - 768 gold - invisibility, might, haste and resistance [c] - 260 gold - resistance Purchase which effect?
You don't have enough gold for that! [a] - 925 gold - resistance, might, haste, heal wounds and magic [b] - 768 gold - invisibility, might, haste and resistance [c] - 260 gold - resistance Purchase which effect?
You feel protected. The yak gores you!
* * * LOW HITPOINT WARNING * * *
The yak gores you.
* * * LOW HITPOINT WARNING * * *
Casting: Blink (safe; 16% risk of failure)
Confirm with . or Enter, or press ? or * to list all spells.
You blink. [a] - 520 gold - haste and resistance [b] - 675 gold - resistance, might, haste and lignification [c] - 390 gold - heal wounds and magic Purchase which effect?
You no longer have enough gold to petition Gozag for potion effects.
You feel much better. Magic courses through your body.
Okay, then.
Fire: 72 bolts
Press: ? - help, Shift-Dir - straight line, f - yak, p - wraith
Aim: a yak (lightly wounded, 78% to hit)
You shoot a damnation bolt.
The damnation bolt barely misses the yak.
The yak is distracted by your dazzling golden aura.
As you read the scroll of teleportation, it crumbles to dust.
You feel strangely unstable.
The yak is no longer distracted by gold.
The yak gores you!
* * * LOW HITPOINT WARNING * * *
The yak gores you!
* * * LOW HITPOINT WARNING * * *
The wraith misses you. The yak gores you!
You die...
Your body crumbles into a pile of gold.

####### #...... ###
#......#####....
#...............
#...............
#......Y@.......
#.....YW........
#............... #######
#.....#############.....#
#...$.#..(..............#
#.....#.................#
#.....#.................#
#(....'.................#
#.....####'##############


You could see 2 yaks and a wraith.

Vanquished Creatures
  Erica (D:9)
  A two-headed ogre (D:7)
  Joseph (D:7)
  Sigmund (D:5)
  2 yaks (D:9)
  A steam dragon (D:5)
  A water moccasin (D:4)
  Duvessa (D:6)
  An orc warrior (D:6)
  An ice beast (D:7)
  2 sky beasts
  A black bear (D:6)
  3 ogres
  Blork the orc (D:4)
  2 kobold brigands (D:8)
  A bullfrog (D:6)
  A wyvern zombie (D:6)
  4 scorpions
  A water moccasin zombie (D:5)
  A wyvern skeleton (D:7)
  4 water moccasin skeletons
  Dowan (D:6)
  5 wights
  7 howler monkeys
  3 centaur zombies
  An orc priest (D:8)
  3 bullfrog zombies
  3 jellies
  2 hounds
  A centaur skeleton (D:5)
  A gnoll shaman (D:8)
  An iguana (D:4)
  5 orc wizards
  2 hound skeletons (D:4)
  8 gnolls
  9 adders
  2 ufetubi
  2 adder skeletons (D:4)
  2 worms (D:2)
  5 dart slugs
  37 orcs
  3 ball pythons
  8 endoplasms
  5 giant cockroaches
  8 goblins
  8 hobgoblins
  6 jackals
  15 kobolds
  4 quokkas
  5 bats
  9 frilled lizards
  4 rats
207 creatures vanquished.

Vanquished Creatures (others)
  A plant (D:5)
1 creature vanquished.

Grand Total: 208 creatures vanquished

Notes
Turn   | Place    | Note
-------+----------+-------------------------------------------
     0 | D:1      | Delamore the Octopode Brigand began the quest for the Orb.
     0 | D:1      | Reached XP level 1. HP: 14/14 MP: 1/1
   241 | D:1      | Reached XP level 2. HP: 20/20 MP: 2/2
   879 | D:1      | Reached XP level 3. HP: 25/25 MP: 3/3
  1494 | D:2      | Reached XP level 4. HP: 31/31 MP: 4/4
  1822 | D:2      | Reached skill level 3 in Throwing
  1822 | D:2      | Reached XP level 5. HP: 30/36 MP: 5/5
  2160 | D:2      | Found a faded altar of an unknown god.
  2238 | D:2      | Found Icuihahu's Weapon Emporium.
  2469 | D:3      | Learned a level 2 spell: Blink
  2598 | D:3      | Found Caev's Armour Boutique.
  2975 | D:3      | Found a hide-covered altar of Uskayaw.
  3273 | D:4      | Reached skill level 1 in Shields
  3273 | D:4      | Reached XP level 6. HP: 43/43 MP: 6/6
  3388 | D:3      | Learned a level 3 spell: Lesser Beckoning
  3392 | D:4      | Found Gadozaung's Antique Armour Emporium.
  3932 | D:4      | Noticed Blork the orc
  3941 | D:4      | Killed Blork the orc
  4003 | D:4      | HP: 1/44 [acid (5)]
  4005 | D:4      | Reached XP level 7. HP: 2/49 MP: 7/7
  5337 | D:4      | Reached skill level 5 in Fighting
  5594 | D:5      | Entered Level 5 of the Dungeon
  5682 | D:5      | Reached skill level 5 in Dodging
  5734 | D:5      | Reached XP level 8. HP: 55/55 MP: 8/8
  5749 | D:5      | Reached skill level 4 in Throwing
  5982 | D:5      | Identified the +0 robe of the Orcish Mines {Dex+3}
  6021 | D:5      | HP: 2/55 [something (6)]
  6426 | D:4      | Reached skill level 5 in Throwing
  6835 | D:5      | Noticed Sigmund
  6849 | D:5      | Killed Sigmund
  6850 | D:5      | Reached skill level 5 in Short Blades
  7194 | D:6      | Found a hazy altar of Hepliaklqana.
  7251 | D:6      | Reached skill level 6 in Throwing
  7299 | D:6      | Identified a scroll of acquirement
  7300 | D:6      | Acquired 917 gold pieces
  7345 | D:6      | Reached XP level 9. HP: 61/61 MP: 9/9
  7716 | D:6      | Reached skill level 7 in Throwing
  7750 | D:6      | Found a staircase to the Ecumenical Temple.
  7760 | Temple   | Entered the Ecumenical Temple
  7809 | Temple   | Became a worshipper of Gozag Ym Sagoz the Greedy
  8148 | D:6      | Found a shimmering altar of Xom.
  8235 | D:6      | Noticed Duvessa
  8236 | D:6      | Noticed Dowan
  8242 | D:6      | Killed Dowan
  8243 | D:6      | Reached skill level 8 in Throwing
  8249 | D:6      | Killed Duvessa
  8842 | D:7      | Noticed Joseph
  8871 | D:7      | Killed Joseph
  8872 | D:7      | Reached skill level 9 in Throwing
  9863 | D:7      | Noticed a two-headed ogre
  9881 | D:7      | Killed a two-headed ogre
  9882 | D:7      | Reached skill level 10 in Throwing
  9882 | D:7      | Reached XP level 10. HP: 48/68 MP: 10/10
 10273 | D:7      | Reached skill level 1 in Evocations
 10837 | D:7      | Found a snail-covered altar of Cheibriados.
 10924 | D:7      | Found Ysiomyf's Weapon Shoppe.
 10990 | D:7      | Bought the +6 arbalest "Damnation" {damnation} for 960 gold
                  | pieces
 10990 | D:7      | Found the +6 arbalest "Damnation" {damnation}
 11239 | D:7      | Bought 14 bolts for 33 gold pieces
 11239 | D:7      | Bought 7 javelins for 67 gold pieces
 11435 | D:7      | Found a radiant altar of Vehumet.
 11827 | D:7      | Found a glowing silver altar of Zin.
 12208 | D:8      | Reached skill level 1 in Crossbows
 12327 | D:8      | Found a sacrificial altar of Ru.
 12671 | D:8      | Found a shimmering blue altar of Sif Muna.
 12805 | D:8      | Found a burning altar of Makhleb.
 13188 | D:9      | Noticed Erica
 13191 | D:9      | Killed Erica
 13192 | D:9      | Reached skill level 5 in Crossbows
 13202 | D:9      | Slain by a yak

Illustrated notes

Levels and vault maps discovered:
D:1:      dpeg_arrival_lava_temple_mockup, layout_basic
D:2:      layout_loops_ring, serial_shops, shop, basic_ecumenical_altar
D:3:      layout_basic, nicolae_uskayaw_murder_on_the_dancefloor, serial_shops,
          shop_fountains
D:4:      layout_cave_pools, serial_shops, shop, uniq_blork_the_orc
D:5:      layout_loops_corners, serial_bayou_pond_e, uniq_sigmund
D:6:      layout_basic, mainiacjoe_overflow_concentric_impassable,
          overflow_temple_1_default, minmay_temple_entry_antechambers,
          uniq_duvessa
D:7:      layout_layer_cave, general_overflow_altar,
          nicolae_overflow_hidden_temple, mainiacjoe_overflow_alcove_1,
          serial_rivers, chequers_serial_rivers_room_a,
          chequers_serial_rivers_room_a, chequers_serial_rivers_marsh,
          chequers_serial_rivers_micro_d, chequers_serial_rivers_large_b,
          chequers_serial_rivers_micro_e, serial_shops, kennysheep_little_box,
          uniq_joseph
D:8:      layout_loops_ring, mainiacjoe_overflow_brackets,
          mainiacjoe_overflow_boulevard, nicolae_ru_great_annihilating_truth
D:9:      layout_irregular_city, gammafunk_ghost_smash, uniq_erica
Temple:   cyrus_circular_temple

Skill      XL: |  1  2  3  4  5  6  7  8  9 10 |
---------------+-------------------------------+-----
Dodging        | 2 3 4 5 6 |  6.2
Fighting       | 3 4 5 6 |  6.2
Throwing       | 3 6 10 | 10.0
Shields        | 1 2 4 |  4.0
Short Blades   | 5 |  5.0
Evocations     | 1 |  1.5
Crossbows      | 5 |  5.4
Stealth        | |  5.3

Action                   |  1- 3 |  4- 6 |  7- 9 | 10-12 || total
-------------------------+-------+-------+-------+-------++-------
Melee: Dagger            |    76 |   119 |   181 |    57 ||   433
       Tentacles         |    10 |    29 |    50 |    13 ||   102
       Constrict         |    15 |    24 |    34 |    11 ||    84
 Fire: Arbalest          |       |       |       |    39 ||    39
Throw: Dart              |       |    36 |    97 |    17 ||   150
       Stone             |       |       |     3 |    11 ||    14
 Cast: Blink             |       |       |     5 |     5 ||    10
       Lesser Beckoning  |       |       |     1 |       ||     1
Invok: Potion Petition   |       |       |       |     2 ||     2
Evoke: Wand              |       |     1 |    14 |    11 ||    26
  Use: Scroll            |       |     2 |     5 |     1 ||     8
 Stab: Sleeping          |    14 |    11 |    13 |       ||    38
       Distracted        |       |     1 |       |       ||     1
Armor: Skin              |     4 |     3 |     4 |     1 ||    12
Dodge: Dodged            |    33 |    55 |   107 |    39 ||   234
Block: Buckler           |       |     8 |    32 |     7 ||    47
